 Dungeon Crawl Stone Soup version 0.14.1-23-g35e4e54 (webtiles) character file.

6074 Christof the Basher (level 10, 0/88 HPs)
             Began as a Minotaur Fighter on June 15, 2014.
             Was a High Priest of Okawaru.
             Killed by divine providence
             ... invoked by an orc priest
              (15 damage)
             ... on Level 9 of the Dungeon.
             The game lasted 00:54:58 (6273 turns).

Christof the Basher (Minotaur Fighter)              Turns: 6273, Time: 00:54:59

HP   0/88        AC 18     Str 20      XL: 10   Next: 45%
MP   4/4         EV  5     Int  8      God: Okawaru [*****.]
Gold 463         SH 23     Dex 11      Spells:  0 memorised,  9 levels left

rFire  . . .     SeeInvis .     K - +4,+8 flail (holy)
rCold  . . .     Clarity  .     x - +1 plate armour
rNeg   . . .     Conserve .     c - +0 shield
rPois  .         rCorr    .     (helmet restricted)
rElec  .         rRot     .     (no cloak)
SustAb . .       Spirit   .     h - +2 pair of gloves
rMut   .         Warding  .     (no boots)
Saprov . . .     Stasis   .     (no amulet)
MR     +....                    U - ring of protection from magic
                                E - ring of regeneration

@: somewhat resistant to hostile enchantments, extremely unstealthy
A: retaliatory headbutt, horns 2
a: Heroism, Finesse, Renounce Religion


You were on level 9 of the Dungeon.
You worshipped Okawaru.
Okawaru was extremely pleased with you.
You were not hungry.

You visited 2 branches of the dungeon, and saw 10 of its levels.
You also visited: Sewer.

You collected 513 gold pieces.
You spent 50 gold pieces at shops.

Inventory:

Hand weapons
 a - a +0,+0 flail
 z - a +3,+4 mace
 H - a +6,+2 broad axe of chopping
 K - a +4,+8 flail of holy wrath (weapon)
Missiles
 u - 3 tomahawks (quivered)
 W - 5 tomahawks of returning
Armour
 c - a +0 shield (worn)
 h - a +2 pair of gloves (worn)
 x - a +1 plate armour (worn)
Magical devices
 r - a wand of enslavement (7)
 I - a wand of digging (2)
 L - a wand of magic darts (6)
 T - a wand of random effects (10) {unknown}
Comestibles
 d - 13 bread rations
 Y - 4 chunks of warg flesh
 Z - 3 chunks of black bear flesh
Scrolls
 f - a scroll of enchant weapon II {unknown}
 i - a scroll of amnesia
 k - a scroll of immolation {unknown}
 o - a scroll of blinking {unknown}
 p - 4 scrolls of enchant weapon I
 q - a scroll of enchant armour
 t - 3 scrolls of magic mapping
 w - a scroll of recharging {unknown}
 y - 5 scrolls of remove curse
 A - 2 scrolls of identify
 C - 3 scrolls of teleportation
 F - a scroll of random uselessness {unknown}
 J - a scroll of noise {unknown}
 Q - a scroll of fear {unknown}
Jewellery
 b - an uncursed amulet of stasis
 E - a ring of regeneration (left hand)
 N - a +2 ring of dexterity
 U - a ring of protection from magic (right hand)
 V - an uncursed ring of sustenance
Potions
 e - 2 potions of might
 g - a potion of restore abilities
 j - 2 potions of magic
 l - 3 potions of brilliance
 m - a potion of paralysis
 n - a potion of degeneration {unknown}
 v - 2 potions of haste
 B - 2 potions of flight
 G - a potion of confusion
 P - a potion of agility {unknown}
 R - a potion of curing
 S - a potion of heal wounds {unknown}
 X - a potion of berserk rage {unknown}
Books
 M - a book of Callings

   Spells                             Type                      Level
   Summon Small Mammal                Summoning                    1
   Call Imp                           Summoning                    2
   Call Canine Familiar               Summoning                    3
   Summon Guardian Golem              Hexes/Summoning              4
   Summon Lightning Spire             Summoning/Air                4
   Summon Ice Beast                   Ice/Summoning                4
 O - a book of Spatial Translocations

   Spells                             Type                      Level
   Apportation                        Translocation                1
   Blink                              Translocation                2
   Shroud of Golubria                 Charms/Translocation         2
   Portal Projectile                  Translocation                3
   Teleport Other                     Translocation                3
   Passage of Golubria                Translocation                4
Miscellaneous
 s - a plain deck of wonders


   Skills:
 + Level 8.1 Fighting
 * Level 12.3 Maces & Flails
 + Level 1.1 Throwing
 + Level 9.0 Armour
 + Level 9.4 Shields
 * Level 0.2 Invocations
 + Level 0.2 Evocations


You had 9 spell levels left.
You didn't know any spells.

Dungeon Overview and Level Annotations

Branches:
Dungeon (9/15)             Temple (1/1) D:5
    Orc: D:9-12        Lair: D:8-11

Altars:
Ashenzari
Cheibriados
Dithmenos
Elyvilon
Fedhas
Kikubaaqudgha
Makhleb
Nemelex Xobeh
Okawaru
Sif Muna
Trog
Vehumet
Xom
Yredelemnul
Zin
The Shining One
Lugonu

Shops:
D:5 *


Innate Abilities, Weirdness & Mutations

You reflexively headbutt those who attack you in melee.
You have a pair of horns on your head.


Message History

Something smites you!
The orc priest calls down the wrath of Beogh upon you.
Something smites you!
The orc priest prays to Beogh.
You feel a wave of unholy energy pass over you.
The orc priest calls down the wrath of Beogh upon you.
Something smites you!
* * * LOW HITPOINT WARNING * * *
The orc priest calls down the wrath of Beogh upon you.
Something smites you!
* * * LOW HITPOINT WARNING * * *
You feel better.
The orc priest becomes somewhat translucent.
The orc priest picks up a dagger.
The orc priest wields a dagger.
The orc priest calls down the wrath of Beogh upon you.
Something smites you!
* * * LOW HITPOINT WARNING * * *
The orc priest mumbles some strange prayers to Beogh against you.
Something smites you!
You die...

#####........############,*
#............##.....$.....*
##)###........##......(....*
#..# #........##.....o.....*
###.###........##<..........#
%'..#.#........##...o%......#
#####.#........##...........#
......#........##...........*
......'.>......'@..o........*
......#........##..........#*
......#####.###############*
......# #.# ......# #.#
......# #.# ......# #.#
##+#### *.* *,********,*


You could see 3 orc priests.

Vanquished Creatures
  The ghost of Vasek the Slicer, an experienced MfGl of Fedhas (D:8)
  Grinder (D:2)
  A spriggan (D:9)
  Eustachio (D:5)
  Edmund (D:5)
  3 wargs
  2 water moccasins
  A necrophage (D:8)
  Purgy (Sewer)
  A black bear (D:9)
  A phantom (D:4)
  6 ogres
  A centaur (D:7)
  12 big kobolds
  Duvessa (D:5)
  2 giant frogs
  A wyvern zombie (D:6)
  A scorpion (D:5)
  7 killer bees (D:8)
  A troll skeleton (D:7)
  7 wights
  Dowan (D:5)
  A goliath beetle (D:6)
  4 hounds
  An iguana (D:4)
  A basilisk zombie (D:8)
  A giant frog skeleton (D:5)
  2 big fish (Sewer)
  3 crimson imps
  A centaur skeleton (D:9)
  3 orc priests
  6 orc wizards
  4 worker ants
  An ogre skeleton (D:9)
  Terence (D:3)
  11 gnolls
  A gnoll skeleton (D:8)
  11 adders
  2 giant mites
  An inept feature mimic (D:7)
  6 worms
  An iguana zombie (D:7)
  An orc zombie (D:5)
  An adder zombie (D:8)
  An ooze (D:6)
  27 orcs
  4 giant cockroaches (D:3)
  9 hobgoblins
  14 jackals
  4 quokkas
  3 ball pythons
  13 bats
  5 giant geckos
  7 giant newts
  6 goblins
  A hobgoblin skeleton (D:7)
  39 kobolds
  A kobold skeleton (D:7)
  3 orc skeletons
  14 rats
  2 ballistomycetes
271 creatures vanquished.

Vanquished Creatures (collateral kills)
  A bat (D:5)
1 creature vanquished.

Vanquished Creatures (others)
  3 giant spores
3 creatures vanquished.

Grand Total: 275 creatures vanquished

Notes
Turn   | Place    | Note
--------------------------------------------------------------
     0 | D:1      | Christof, the Minotaur Fighter, began the quest for the Orb.
     0 | D:1      | Reached XP level 1. HP: 19/19 MP: 1/1
   256 | D:1      | Reached XP level 2. HP: 27/27 MP: 1/1
   284 | D:1      | Reached skill level 4 in Armour
   659 | D:2      | Found a radiant altar of Vehumet.
   679 | D:2      | Found a sparkling altar of Nemelex Xobeh.
   702 | D:2      | Reached XP level 3. HP: 33/33 MP: 2/2
  1175 | D:3      | Noticed Grinder
  1194 | D:3      | Paralysed by Grinder for 6 turns
  1220 | D:2      | Killed Grinder
  1220 | D:2      | Reached skill level 5 in Fighting
  1220 | D:2      | Reached skill level 5 in Armour
  1220 | D:2      | Reached skill level 5 in Shields
  1220 | D:2      | Reached XP level 4. HP: 21/42 MP: 2/2
  1220 | D:2      | Reached XP level 5. HP: 24/48 MP: 2/2
  1220 | D:2      | Reached XP level 6. HP: 28/56 MP: 3/3
  1400 | D:3      | Found a white marble altar of Elyvilon.
  1470 | D:3      | Noticed Terence
  1487 | D:3      | Killed Terence
  1553 | D:3      | Found an iron altar of Okawaru.
  1564 | D:3      | Became a worshipper of Warmaster Okawaru
  1835 | D:3      | Found a glowing drain.
  1871 | Sewer    | Entered a sewer
  1911 | Sewer    | Reached skill level 5 in Maces & Flails
  1959 | Sewer    | Noticed Purgy
  1966 | Sewer    | Killed Purgy
  1969 | Sewer    | Acquired Okawaru's first power
  2060 | D:3      | Reached XP level 7. HP: 59/61 MP: 3/3
  2260 | D:4      | Reached skill level 6 in Maces & Flails
  2469 | D:4      | Found a burning altar of Makhleb.
  2725 | D:4      | Reached skill level 7 in Maces & Flails
  2741 | D:5      | Entered Level 5 of the Dungeon
  2741 | D:5      | Noticed Duvessa
  2743 | D:5      | Noticed Dowan
  2834 | D:5      | Killed Duvessa
  2875 | D:5      | Killed Dowan
  2875 | D:5      | Reached XP level 8. HP: 49/70 MP: 3/3
  2990 | D:5      | Noticed Eustachio
  3015 | D:5      | Killed Eustachio
  3127 | D:5      | Found Raqu's Assorted Antiques.
  3260 | D:5      | Bought a scroll of identify for 50 gold pieces
  3264 | D:5      | Found a staircase to the Ecumenical Temple.
  3316 | Temple   | Entered the Ecumenical Temple
  3412 | D:5      | Reached skill level 8 in Maces & Flails
  3437 | D:5      | Found a burning altar of Makhleb.
  3438 | D:5      | Found a shimmering altar of Xom.
  3450 | D:5      | Noticed Edmund
  3457 | D:5      | Killed Edmund
  3524 | D:5      | Reached skill level 1 in Throwing
  4038 | D:6      | Reached XP level 9. HP: 78/78 MP: 4/4
  4083 | D:6      | Reached skill level 9 in Maces & Flails
  4247 | D:6      | Found a snail-covered altar of Cheibriados.
  4250 | D:6      | Found a deep blue altar of Sif Muna.
  4250 | D:6      | Found a basalt altar of Yredelemnul.
  4251 | D:6      | Found a shattered altar of Ashenzari.
  4327 | D:6      | Found a sparkling altar of Nemelex Xobeh.
  4878 | D:7      | Reached skill level 10 in Maces & Flails
  5287 | D:8      | Reached skill level 11 in Maces & Flails
  5514 | D:8      | Noticed Vasek's ghost (experienced MfGl)
  5539 | D:8      | Killed Vasek's ghost
  5539 | D:8      | Acquired Okawaru's second power
  5539 | D:8      | Reached XP level 10. HP: 72/88 MP: 4/4
  5998 | D:9      | Received a gift from Okawaru
  5998 | D:9      | Reached skill level 12 in Maces & Flails
  6273 | D:9      | Killed from afar by an orc priest

Action                   |  1- 3 |  4- 6 |  7- 9 | 10-12 || total
-------------------------+-------+-------+-------+-------++-------
Melee: Flail             |    86 |    30 |   324 |   118 ||   558
       Mace              |       |    43 |   171 |       ||   214
Throw: Tomahawk          |       |       |     5 |       ||     5
Evoke: Wand              |       |       |     3 |       ||     3
  Use: Potion            |     1 |     1 |     2 |     1 ||     5
       Scroll            |       |       |     6 |     8 ||    14
